 Dungeon Crawl Stone Soup version 0.17-a0-1446-gc28613e (webtiles) character file.

3200 Screwed the Cleaver (level 9, -8/63 HPs)
             Began as a Demonspawn Berserker on June 28, 2015.
             Was an Elder of Trog.
             Killed from afar by Erica (26 damage)
             ... with a bolt of poison
             ... on level 8 of the Dungeon.
             The game lasted 00:18:56 (9018 turns).

Screwed the Cleaver (Demonspawn Berserker)          Turns: 9018, Time: 00:18:58

Health: -8/63      AC: 14    Str: 17    XL:     9   Next: 64%
Magic:  9/9        EV:  4    Int: 12    God:    Trog [****..]
Gold:   310        SH:  3    Dex: 13    Spells: 0 memorised, 8 levels left

rFire  + . .     SeeInvis .     D - +0 war axe
rCold  . . .     Clarity  .     p - +0 plate armour
rNeg   . . .     SustAt   .     d - +0 buckler
rPois  .         Gourm    +     (no helmet)
rElec  .         Spirit   .     (no cloak)
rCorr  .         Warding  .     (no gloves)
rMut   .         Stasis   .     (no boots)
MR     .....                    m - amulet of the gourmand
Stlth  ..........               J - ring of protection from fire
                                t - +2 ring of protection

@: lethally poisoned (-8 -> -19), exhausted, slowed, very slow, not resistant to
hostile enchantments, extremely unstealthy
A: talons 1, slimy green scales 1, powered by pain 1
a: Burn Spellbooks, Berserk, Trog's Hand, Brothers in Arms, Renounce Religion


You were on level 8 of the Dungeon.
You worshipped Trog.
Trog was greatly pleased with you.
You were not hungry.

You visited 1 branch of the dungeon, and saw 8 of its levels.
You also visited: Sewer.

You collected 310 gold pieces.

Inventory:

Hand weapons
 a - a +1 hand axe
 D - a +0 war axe (weapon)
Armour
 b - a +0 animal skin
 d - a +0 buckler (worn)
 n - a +0 scale mail
 p - a +0 plate armour (worn)
 y - a +1 chain mail
Jewellery
 j - a +2 ring of strength
 m - an amulet of the gourmand (around neck)
 t - a +2 ring of protection (left hand)
 E - an uncursed ring of fire
 F - a +3 ring of evasion
 J - a ring of protection from fire (right hand)
Magical devices
 l - a wand of teleportation (3)
 s - a wand of enslavement (9)
 w - a wand of fireball (7)
Scrolls
 q - 4 scrolls of remove curse
 v - 3 scrolls of identify
 C - a scroll of blinking {unknown}
Potions
 f - a potion of curing
 g - 3 potions of brilliance
 i - 5 potions of agility
 k - 4 potions of magic
 r - a potion of might
 z - a potion of flight
Comestibles
 c - 7 bread rations
 h - 3 meat rations
 u - 2 beef jerkies
 G - a slice of pizza
 H - a royal jelly


   Skills:
 - Level 3.0 Fighting
 + Level 12.4 Axes
 - Level 1.7 Armour
 - Level 1.7 Dodging


You had 8 spell levels left.
You didn't know any spells.

Dungeon Overview and Level Annotations

Branches:
Dungeon (8/15)             Temple (0/1) D:6
   Lair: D:8-11

Altars:
Cheibriados
Dithmenos
Elyvilon
Nemelex Xobeh
Qazlal
Sif Muna
Trog
Zin

Annotations:
D:8 Erica


Innate Abilities, Weirdness & Mutations

You have sharp toenails.
You are partially covered in slimy green scales (AC +2).
You sometimes gain a little power by taking damage.


Message History

You fail to use your ability.
Erica misses you. Erica hits you but does no damage.
Use which ability? (? or * to list)
You fail to use your ability.
You feel a little less agile now.
The hound barks!
Erica hits you but does no damage.
Use which ability? (? or * to list)
Okay, then.
Use which ability? (? or * to list)
You fail to use your ability.
Erica gestures at you while chanting. You resist with significant effort.
Use which ability? (? or * to list)
Your two-headed ogre goes berserk!
You feel somewhat more hungry.
Erica points at you and mumbles some strange words.
The bolt of poison hits you!
You are poisoned.
You die...

#.......# .# #..)....# ..
#######.......# . #.....#.......#
.###.............#
#................# #.#
##.##†.......#
#.##.##.####.#......##..
#.....@@..##............
#.....Oh.)).............
#.........))...........<
...........##........... #......
......................... #.....#
>..#.......#.............
...................#.#...........
...... . ........................
rJ.....#........... .# .....##..


You could see Erica, a hound and a friendly two-headed ogre (berserk).

Vanquished Creatures
  Pikel (D:7)
  A spriggan (D:7)
  Edmund (D:5)
  2 sky beasts
  A slave (D:7)
  Purgy (Sewer)
  A phantom (D:7)
  An orc warrior (D:8)
  A black bear (D:7)
  2 centaurs (D:5)
  An ice beast (D:8)
  4 ogres
  5 giant frogs
  A wyvern zombie (D:6)
  A scorpion (D:7)
  A crimson imp (D:6)
  7 orc priests
  A hound (D:5)
  Ijyb (D:3)
  2 orc wizards
  An iguana (D:7)
  3 worker ants
  A killer bee zombie (D:5)
  A hound zombie (D:5)
  A hound skeleton (D:7)
  7 adders
  A shadow imp (D:5)
  2 adder skeletons
  4 worms
  4 giant geckos
  10 orcs
  5 ball pythons
  A bat skeleton (D:6)
  11 giant cockroaches
  18 goblins
  11 hobgoblins
  14 kobolds
  7 quokkas
  8 bats
  6 giant newts
  9 jackals
  13 rats
174 creatures vanquished.

Vanquished Creatures (others)
  A wizard (D:4)
  Maurice (D:7)
  A necrophage (D:7)
  A hound (D:7)
  A worker ant (D:7)
  An orc priest (D:7)
  An adder (D:7)
  2 orcs (D:7)
  A rat (D:7)
10 creatures vanquished.

Grand Total: 184 creatures vanquished

Notes
Turn   | Place    | Note
--------------------------------------------------------------
     0 | D:1      | Screwed the Demonspawn Berserker began the quest for the Orb.
     0 | D:1      | Reached XP level 1. HP: 18/18 MP: 1/1
   435 | D:1      | Gained mutation: You sometimes gain a little power by taking damage. [demonic ancestry]
   435 | D:1      | Reached XP level 2. HP: 21/24 MP: 2/2
  1588 | D:2      | Reached XP level 3. HP: 14/29 MP: 3/3
  1841 | D:2      | Reached skill level 4 in Axes
  1960 | D:2      | Acquired Trog's second power
  2701 | D:3      | Gained mutation: You are partially covered in slimy green scales (AC +2). [demonic ancestry]
  2701 | D:3      | Reached XP level 4. HP: 35/35 MP: 4/4
  2766 | D:3      | Noticed Ijyb
  2787 | D:3      | Killed Ijyb
  2828 | D:3      | Reached skill level 5 in Axes
  3490 | D:4      | Gained mutation: You have sharp toenails. [demonic ancestry]
  3490 | D:4      | Reached XP level 5. HP: 14/41 MP: 5/5
  3504 | D:4      | Found a glowing drain.
  3531 | Sewer    | Entered a sewer
  3674 | Sewer    | Reached skill level 6 in Axes
  3933 | Sewer    | Noticed Purgy
  3948 | Sewer    | Killed Purgy
  3948 | Sewer    | Reached XP level 6. HP: 47/47 MP: 6/6
  4183 | D:4      | Found a bloodstained altar of Trog.
  4184 | D:4      | Noticed a wizard
  4189 | D:4      | Killed a wizard
  4303 | D:5      | Entered Level 5 of the Dungeon
  4352 | D:5      | Noticed Edmund
  4362 | D:5      | Reached skill level 7 in Axes
  4374 | D:5      | Killed Edmund
  4374 | D:5      | Reached XP level 7. HP: 18/52 MP: 7/7
  4775 | D:5      | Found a snail-covered altar of Cheibriados.
  4864 | D:5      | Reached skill level 8 in Axes
  5284 | D:5      | Reached skill level 9 in Axes
  5284 | D:5      | Reached XP level 8. HP: 13/58 MP: 8/8
  5894 | D:6      | Found a deep blue altar of Sif Muna.
  5894 | D:6      | Found a shadowy altar of Dithmenos.
  5896 | D:6      | Found a white marble altar of Elyvilon.
  5896 | D:6      | Found a sparkling altar of Nemelex Xobeh.
  5898 | D:6      | Found a glowing silver altar of Zin.
  5898 | D:6      | Found a bloodstained altar of Trog.
  5899 | D:6      | Found a stormy altar of Qazlal.
  6092 | D:6      | Found a staircase to the Ecumenical Temple.
  6678 | D:7      | Reached skill level 10 in Axes
  6898 | D:7      | Gained mutation: You passively map a small area around you. [potion of beneficial mutation]
  6901 | D:7      | Lost mutation: You passively map a small area around you. [potion of cure mutation]
  6989 | D:7      | Acquired Trog's third power
  7217 | D:7      | Noticed Pikel
  7229 | D:7      | Killed Pikel
  7229 | D:7      | Reached skill level 11 in Axes
  7229 | D:7      | Reached XP level 9. HP: 63/63 MP: 9/9
  7257 | D:7      | Found a shadowy altar of Dithmenos.
  7751 | D:8      | Noticed Maurice
  8135 | D:7      | Killed Maurice
  8135 | D:7      | Reached skill level 12 in Axes
  9009 | D:8      | Noticed Erica
  9018 | D:8      | Killed from afar by Erica

Vault maps used:
D:1:      evilmike_arrival_crescent
D:3:      first_bread, uniq_iyjb
D:4:      gup_sewer_entry_glass, trog_wizard
D:5:      cheibrodos_worm_habitat, eino_small_chamber_without_monster,
          uniq_edmund
D:6:      grunt_temple_overflow_open, temple_fountains,
          kennysheep_generic_room_14
D:7:      the_bakery, grunt_dithmenos_smoke, uniq_pikel
D:8:      kennysheep_mini, uniq_maurice, uniq_erica
Sewer:    sewer_co_purgy_island

Action                   |  1- 3 |  4- 6 |  7- 9 || total
-------------------------+-------+-------+-------++-------
Melee: Hand axe          |   175 |   185 |   115 ||   475
       War axe           |       |       |   281 ||   281
Invok: Berserk           |       |     3 |     5 ||     8
       Trog's Hand       |       |     1 |       ||     1
       Brothers in Arms  |       |       |     1 ||     1
  Use: Scroll            |     4 |       |     6 ||    10
       Potion            |       |     1 |    15 ||    16
 Stab: Sleeping          |     1 |       |       ||     1
  Eat: Chunk             |    12 |    16 |    15 ||    43
